 Dungeon Crawl Stone Soup version 0.31-a0-700-gf13585253f (webtiles) character file.

Game seed: 4295028117490690572

3465 senseless the Trooper (level 9, -2/73 HPs)
             Began as a Demonspawn Berserker on Sept 7, 2023.
             Was a Priest of Trog.
             Killed by divine providence
             ... invoked by a smoke demon
              (13 damage)
             ... on level 1 of the Abyss.
             The game lasted 00:13:50 (6238 turns).

senseless the Trooper (Demonspawn Berserker)        Turns: 6238, Time: 00:13:50

Health: -2/73      AC: 10    Str: 23    XL:     9   Next: 78%
Magic:  9/9        EV: 14    Int:  8    God:    Trog [***...]
Gold:   302        SH:  0    Dex: 12    Spells: 8/8 levels left

rFire   . . .        B - +3 war axe
rCold   + . .        (no shield)
rNeg    . . .        k - +0 acid dragon scales
rPois   +            (helmet restricted)
rElec   .            A - +1 cloak
rCorr   +            (no gloves)
SInv    .            (no boots)
Will    ++...        (no amulet)
Stlth   +            s - ring of protection from cold
HPRegen 1.32/turn    f - ring of poison resistance
MPRegen 0.11/turn

%: no passive effects
@: strong-willed (expiring), regenerating (expiring)
A: hooves 1, horns 2, foul stench 2, demonic magic 1, demonic touch 1
a: Renounce Religion, Berserk, Trog's Hand


You were on level 1 of the Abyss.
You worshipped Trog.
Trog was most pleased with you.
You visited 2 branches of the dungeon, and saw 9 of its levels.
You visited the Abyss 1 time.

You collected 302 gold pieces.

Inventory:

Hand Weapons
 B - a +3 war axe (weapon)
Armour
 g - a +0 pair of gloves
 j - a +0 leather armour
 k - +0 acid dragon scales (worn)
 r - a +0 pair of boots
 x - a +0 pair of boots
 A - a +1 cloak (worn)
Jewellery
 f - a ring of poison resistance (right hand)
 s - a ring of protection from cold (left hand)
 w - a ring of protection from cold
Wands
 b - a wand of polymorph (6)
 v - a wand of flame (35)
Scrolls
 c - a scroll of teleportation
 i - a scroll of blinking {unknown}
Potions
 a - a potion of haste {unknown}
 d - a potion of magic
 e - a potion of invisibility {unknown}
 h - a potion of degeneration {unknown}
 l - 4 potions of heal wounds
 o - 2 potions of curing
 p - a potion of resistance {unknown}
 q - a potion of mutation {unknown}
 t - 2 potions of attraction
 u - a potion of lignification {unknown}
 z - 2 potions of might


   Skills:
 + Level 7.6 Fighting
 + Level 7.0 Axes
 + Level 6.6 Armour
 + Level 6.6 Dodging


You had 8 spell levels left.
You didn't know any spells.
Your spell library contained the following spells:

 Spells                   Type           Power      Damage    Failure   Level
 Ensorcelled Hibernation  Hex/Ice        0%         N/A       63%         2
 Jinxbite                 Hex            0%         N/A       63%         2
 Sublimation of Blood     Necr           0%         N/A       63%         2
 Wereblood                Tmut           0%         N/A       63%         2
 Anguish                  Hex/Necr       0%         N/A       99%         4
 Leda's Liquefaction      Hex/Erth       0%         N/A       99%         4
 Manifold Assault         Tloc           0%         N/A       99%         4
 Iskenderun's Battlesphe  Conj           0%         2d6       100%        5
 Lee's Rapid Deconstruct  Erth           0%         3d4*      100%        5
 Dispersal                Tloc           0%         N/A       100%        6
 Leda's Unmaking          Conj/Erth      0%         9d1       100%        6
 Spellforged Servitor     Conj/Summ      0%         N/A       100%        7
 Summon Hydra             Summ           0%         N/A       100%        7
 Disjunction              Tloc           0%         N/A       100%        8


Dungeon Overview and Level Annotations

Branches:
Dungeon (8/15)             Temple (1/1) D:7
   Lair: D:8-11

Altars:
Ashenzari
Cheibriados
Dithmenos
Fedhas
Gozag
Hepliaklqana
Makhleb
Nemelex Xobeh
Okawaru
Qazlal
Ru
Sif Muna
Trog
Uskayaw
Vehumet
Wu Jian
Xom
Yredelemnul

Annotations:
D:8 Psyche


Innate Abilities, Weirdness & Mutations

You have large cloven feet.
You have a pair of horns on your head.
You sometimes emit foul miasma when damaged in melee.
Spells you cast may paralyse adjacent enemies.
Your touch may inflict minor irresistible damage on your foes.


Message History

The large abomination closely misses you.
You barely miss the large abomination. Your kick misses the large abomination.
You headbutt the large abomination.
You touch the large abomination!
The large abomination is moderately damaged.
The large abomination hits you!!
You are too injured to fight recklessly!
You are too injured to fight recklessly!
You hit the large abomination.
You kick the large abomination, but do no damage.
You headbutt the large abomination!
Your touch misses the large abomination.
The large abomination is severely damaged.
The large abomination hits you!!
* * * LOW HITPOINT WARNING * * *
You slash the large abomination! Your kick misses the large abomination.
You touch the large abomination!
You destroy the large abomination!
Trog accepts your kill.
A smoke demon comes into view.
Your Axes skill increases to level 7!
A smoke demon is nearby!
The smoke demon roars!
The smoke demon gestures at you. The ball of steam misses you.
Your skin crawls.
You feel strong-willed.
The smoke demon attacks as it pursues you!
The smoke demon hits you but does no damage. x3
The smoke demon attacks as it pursues you!
The smoke demon hits you but does no damage. x2
The smoke demon closely misses you.
A shadow imp comes into view.
The shadow imp shouts!
The smoke demon gestures at you. Something smites you!
* * * LOW HITPOINT WARNING * * *
You feel the effects of Trog's Hand fading.
The smoke demon gestures at you. Something smites you!
You die...

.# .# #. #..# ..
#... # . ...##..
.#.#5...#
##......## .
#...#....# #.#
#@......# ##. .
#.##.#.##...
.#... #.....#.# #
.. .
#..#.#3.#.###.##
# #
#.#####.#.##.#...
..# #..
#..#§#.#..##.#.#
# §..
#..#.##.##.# .# #
#
..#....#._...#..
# ##.. ..# ..# .
# #


You could see a smoke demon and a shadow imp.

Vanquished Creatures
  A large abomination (Abyss:1)
  A troll (D:6)
  Eustachio (D:5)
  A wyvern (D:7)
  An acid dragon (D:8)
  Menkaure (D:5)
  A water moccasin (D:5)
  Duvessa (D:4)
  2 ice beasts
  A sky beast (D:5)
  3 black bears
  An ogre (D:6)
  A centaur (Temple)
  2 phantoms (D:7)
  2 kobold brigands (D:7)
  A bullfrog (D:8)
  A gnoll sergeant (D:7)
  3 scorpions
  Dowan (D:4)
  5 hounds
  3 orc priests
  A gnoll bouda (D:7)
  2 jellies
  Crazy Yiuf (D:5)
  A sleepcap (D:6)
  Ijyb (D:4)
  2 iguanas (D:5)
  6 orc wizards
  Robin (D:4)
  12 gnolls
  6 adders
  A shadow imp (D:6)
  2 white imps
  3 ufetubi
  A worm (D:3)
  3 dart slugs
  28 orcs
  4 endoplasms (D:3)
  8 goblins
  10 hobgoblins
  16 kobolds
  2 quokkas
  4 ball pythons
  A bat (D:3)
  3 frilled lizards
  4 rats
  A spectral kobold (D:3)
158 creatures vanquished.

Notes
Turn   | Place    | Note
-------+----------+-------------------------------------------
     0 | D:1      | senseless the Demonspawn Berserker began the quest for the
                  | Orb.
     0 | D:1      | Reached XP level 1. HP: 18/18 MP: 1/1
   172 | D:1      | Gained mutation: You may rarely emit foul miasma when
                  | damaged in melee. [demonic ancestry]
   172 | D:1      | Reached XP level 2. HP: 17/24 MP: 2/2
   833 | D:2      | Found a faded altar of an unknown god.
   898 | D:2      | Discovered your monstrous ancestry.
   898 | D:2      | Gained mutation: You have a pair of small horns on your
                  | head. [demonic ancestry]
   898 | D:2      | Reached XP level 3. HP: 26/29 MP: 3/3
  1375 | D:3      | Reached ** piety under Trog
  1524 | D:3      | Found a hazy altar of Hepliaklqana.
  1715 | D:3      | Found an iron altar of Okawaru.
  1790 | D:4      | Noticed a black bear
  1797 | D:4      | Killed a black bear
  1798 | D:4      | Gained mutation: You have large cloven feet. [demonic
                  | ancestry]
  1798 | D:4      | Reached XP level 4. HP: 37/37 MP: 4/4
  1798 | D:4      | Gained mutation: Spells you cast may paralyse adjacent
                  | enemies. [demonic ancestry]
  1798 | D:4      | Reached XP level 5. HP: 42/42 MP: 5/5
  2006 | D:4      | Noticed Robin
  2011 | D:4      | Gained mutation: You have a pair of horns on your head.
                  | [demonic ancestry]
  2011 | D:4      | Reached XP level 6. HP: 43/48 MP: 6/6
  2014 | D:4      | Killed Robin
  2072 | D:4      | Noticed Dowan
  2073 | D:4      | Noticed Duvessa
  2086 | D:4      | Killed Dowan
  2147 | D:4      | Killed Duvessa
  2382 | D:4      | Noticed Ijyb
  2403 | D:4      | Killed Ijyb
  2538 | D:4      | Gained mutation: You sometimes emit foul miasma when
                  | damaged in melee. [demonic ancestry]
  2538 | D:4      | Reached XP level 7. HP: 31/55 MP: 7/7
  2888 | D:5      | Entered Level 5 of the Dungeon
  2963 | D:5      | Reached skill level 5 in Fighting
  3083 | D:5      | Found an opulent altar of Gozag.
  3293 | D:5      | Noticed Menkaure
  3298 | D:5      | Killed Menkaure
  3470 | D:5      | Reached skill level 5 in Axes
  3470 | D:5      | Gained mutation: Your touch may inflict minor irresistible
                  | damage on your foes. [demonic ancestry]
  3470 | D:5      | Reached XP level 8. HP: 63/63 MP: 8/8
  3523 | D:5      | Found a runed translucent door.
  3524 | D:5      | Noticed Crazy Yiuf
  3600 | D:5      | Noticed Eustachio
  3613 | D:5      | Killed Eustachio
  3882 | D:5      | Found a stormy altar of Qazlal.
  3889 | D:5      | Reached skill level 5 in Armour
  3889 | D:5      | Reached skill level 5 in Dodging
  4332 | D:5      | Killed Crazy Yiuf
  4413 | D:6      | Noticed a troll
  4416 | D:6      | Killed a troll
  4471 | D:6      | Reached XP level 9. HP: 71/71 MP: 9/9
  4489 | D:6      | Reached *** piety under Trog
  4615 | D:6      | Found a shimmering altar of Xom.
  4870 | D:7      | Found a radiant altar of Vehumet.
  5199 | D:7      | Found a staircase to the Ecumenical Temple.
  5270 | Temple   | Entered the Ecumenical Temple
  5549 | D:7      | Found a burning altar of Makhleb.
  6088 | D:8      | Noticed Psyche
  6094 | Abyss:1  | Cast into level 1 of the Abyss (Psyche)
  6202 | Abyss:1  | Found a corrupted altar of Lugonu.
  6213 | Abyss:1  | Noticed a large abomination
  6221 | Abyss:1  | Killed a large abomination
  6221 | Abyss:1  | Noticed a smoke demon
  6238 | Abyss:1  | Killed from afar by a smoke demon

Illustrated notes

Levels and vault maps discovered:
D:1:      kennysheep_arrival_seaside, layout_basic, minivault_27
D:2:      layout_basic, basic_ecumenical_altar, minmay_misc_feat_nine_boxes
D:3:      layout_rooms, mainiacjoe_overflow_cross_hatched,
          nicolae_hepliaklqana_monster_ancestors
D:4:      layout_loops_ring, nicolae_zen_rock_garden, uniq_robin, uniq_ijyb,
          uniq_duvessa
D:5:      layout_basic, nicolae_qazlal_beasts_of_the_sky,
          mainiacjoe_overflow_boulevard, uniq_menkaure, uniq_crazy_yiuf_cottage,
          uniq_eustachio
D:6:      layout_rooms, xom_butterflies
D:7:      layout_gridville, lemuel_tele_altar, lemuel_doored_altar,
          minmay_temple_entry_large_hall
D:8:      layout_loops_ring, uniq_psyche
Temple:   dpeg_chambers_temple
Abyss:1:  base:
D:8

Skill      XL: |  1  2  3  4  5  6  7  8  9 |
---------------+----------------------------+-----
Dodging        | 2 3 4 5 6 |  6.6
Armour         | 2 3 4 5 6 |  6.6
Axes           | 3 4 5 6 7 |  7.0
Fighting       | 4 5 6 7 |  7.6

Action                     |  1- 3 |  4- 6 |  7- 9 || total
---------------------------+-------+-------+-------++-------
  Melee: Hand axe          |   106 |    87 |    90 ||   283
         Headbutt          |     6 |    20 |    38 ||    64
         Punch             |     1 |       |     2 ||     3
         Kick              |       |       |    60 ||    60
         War axe           |       |       |   127 ||   127
         Touch             |       |       |    32 ||    32
 Invoke: Berserk           |     3 |     5 |    11 ||    19
         Trog's Hand       |       |     1 |     1 ||     2
    Use: Scroll            |       |       |    16 ||    16
 Armour: Animal skin       |    22 |       |       ||    22
         Leather armour    |    36 |    47 |   150 ||   233
         Acid dragon scale |       |       |     9 ||     9
  Dodge: Dodged            |    54 |    41 |   178 ||   273

Table legend: (Time is in decaauts)
 A = Elapsed time spent in this place.
 B = Non-inter-level travel time spent in this place.
 C = Inter-level travel time spent in this place.
 D = Time resting spent in this place.
 E = Time spent auto-exploring this place.
 F = Levels seen in this place.
 G = Mean time per level.
                   A        B        C        D        E       F      G
               +--------+--------+--------+--------+--------+-----+--------+
         Total |   6468 |   6245 |    223 |    233 |   4921 |  10 |  646.8 |
       Dungeon |   6123 |   5900 |    223 |     56 |   4793 |   8 |  765.4 |
        Temple |    183 |    183 |      0 |    177 |      0 |   1 |  183.0 |
         Abyss |    161 |    161 |      0 |      0 |    128 |   1 |  161.0 |
               +--------+--------+--------+--------+--------+-----+--------+

Top non-repeatable levels by time:
     D:5: 1563 daAuts
     D:4: 1179 daAuts
     D:7: 971 daAuts
     D:1: 817 daAuts
     D:3: 545 daAuts
     D:6: 467 daAuts
     D:2: 448 daAuts
  Temple: 183 daAuts
 Abyss:1: 161 daAuts
     D:8: 131 daAuts
